Map: Lightshade LE

Players

uThermal

  • Race: Terran Terran

Serral - Winner!

  • Race: Zerg Zerg

Event: DreamHack SC2 Masters 2021 Winter

VOD

Have the link to the VOD?

Description

Time

  • Played on: Oct. 7, 2021, 10:42 a.m.
  • Length: 16:37

All games in this series

Show
View Real Time Build Order
Export as new Build Order

uThermal Terran 

Build Orders: Hellion Opening, Reaper Expand 

Get SALT Encoding   

  12  0:00  SCV  
  13  0:12  SCV  
  14  0:17  Supply Depot  
  14  0:24  SCV  
  15  0:38  SCV  
  15  0:39  Barracks  
  16  0:43  Refinery  
  16  0:50  SCV  
  17  1:02  SCV  
  18  1:14  SCV  
  19  1:26  Reaper, Orbital Command  
  20  1:39  Command Center  
  20  1:48  Supply Depot  
  20  1:52  SCV  
  21  1:58  Marine  
  22  2:04  SCV  
  22  2:07  Factory  
  23  2:16  SCV  
  23  2:20  Barracks Reactor  
  24  2:28  SCV  
  25  2:40  Command Center  
  25  2:41  SCV  
  26  2:52  Orbital Command  
  26  2:54  SCV  
  27  3:00  Starport  
  27  3:06  SCV  
  27  3:07  Refinery  
  27  3:11  Hellion  
  30  3:15  Hellion  
  30  3:17  SCV  
  34  3:20  SCV  
  34  3:29  SCV  
  34  3:32  SCV  
  34  3:33  Hellion  
  38  3:36  Hellion  
  38  3:38  Viking  
  42  3:41  SCV  
  42  3:44  SCV  
  44  3:51  Orbital Command  
  44  3:54  SCV  
  45  3:56  SCV  
  45  3:57  Barracks Tech Lab  
  45  3:58  Hellion x2  
  50  4:06  SCV  
  50  4:08  SCV  
  52  4:13  Supply Depot  
  52  4:16  Stimpack, Marine  
  52  4:18  SCV, Orbital Command  
  52  4:20  SCV  
  52  4:21  Starport Reactor  
  54  4:30  SCV, Barracks  
  55  4:32  SCV, Barracks  
  55  4:34  Factory Reactor, Marine  
  55  4:38  Supply Depot  
  57  4:42  SCV  
  57  4:44  SCV  
  57  4:45  SCV, Engineering Bay  
  59  4:46  Engineering Bay  
  59  4:51  Marine  
  61  4:54  SCV  
  61  4:56  SCV  
  61  4:57  SCV  
  64  5:01  Barracks  
  64  5:03  Barracks  
  64  5:06  SCV, Refinery x2  
  65  5:08  Starport Reactor  
  65  5:09  Marine  
  65  5:11  Supply Depot  
  66  5:14  Terran Infantry Weapons Level 1, Terran Infantry Armor Level 1  
  66  5:15  SCV x2  
  66  5:18  SCV  
  69  5:22  Marine x2  
  69  5:27  SCV, Marine x3  
  69  5:28  Supply Depot  
  75  5:29  SCV  
  75  5:30  SCV  
  77  5:36  Widow Mine x2  
  77  5:39  SCV, Marine  
  77  5:40  Supply Depot, Marine  
  84  5:46  Marine  
  84  5:47  Bunker  
  84  5:49  Medivac, SCV x2, Marine x2  
  91  5:51  Barracks Reactor x2  
  91  5:54  Medivac  
  93  6:01  Widow Mine x2, Combat Shield, Marine  
  93  6:03  SCV  
  93  6:04  SCV x2  
  101  6:08  Supply Depot  
  101  6:13  Refinery  
  101  6:14  Supply Depot  
  101  6:25  Medivac  
  101  6:27  SCV, Marine x3  
  101  6:28  SCV x2  
  101  6:29  Medivac, Marine x3  
  101  6:31  Marine x3  
  105  6:39  SCV  
  108  6:40  Widow Mine x2  
  108  6:43  SCV x2  
  108  6:45  Marine x3  
  108  6:47  Supply Depot, Marine x2  
  115  6:50  Supply Depot  
  115  6:52  Marine x2  
  117  6:58  SCV, Marine  
  117  6:59  Medivac  
  117  7:04  Factory  
  117  7:05  Armory  
  117  7:08  Medivac, Marine x4  
  117  7:09  Widow Mine  
  117  7:11  Supply Depot  
  117  7:12  Marine  
  117  7:13  Marine x2  
  117  7:14  Marine  
  129  7:17  Marine  
  129  7:19  Widow Mine  
  119  7:30  Medivac  
  119  7:31  Marine x6  
  119  7:33  Widow Mine, Marine  
  130  7:40  Marine x2  
  126  7:44  Widow Mine, Command Center  
  126  7:47  Medivac  
  126  7:48  Marine  
  126  7:49  Marine x3  
  129  7:52  Marine  
  129  7:53  Factory Tech Lab  
  129  7:54  Marine  
  132  7:58  Terran Infantry Weapons Level 2  
  132  8:01  Terran Infantry Armor Level 2  
  132  8:02  Marine  
  132  8:07  Supply Depot  
  132  8:08  Widow Mine x2  
  136  8:13  Drilling Claws  
  136  8:14  Widow Mine  
  136  8:16  Supply Depot, Medivac  
  136  8:19  Marine  
  141  8:28  Marine x2  
  141  8:29  Widow Mine  
  141  8:30  Liberator  
  148  8:35  Marine  
  148  8:36  Supply Depot  
  148  8:37  Marine x2  
  148  8:38  Supply Depot  
  148  8:39  Widow Mine x2  
  148  8:40  Marine x2  
  157  8:44  Marine x2  
  155  8:50  Liberator, Concussive Shells  
  155  8:52  Supply Depot  
  156  8:56  Widow Mine  
  156  9:00  Widow Mine  
  156  9:01  Marine  
  156  9:02  Marauder  
  163  9:04  Widow Mine  
  163  9:05  Marine x2  
  167  9:11  Marine  
  165  9:18  Marine x2  
  165  9:19  Marine  
  165  9:24  Marauder  
  165  9:27  SCV x3, Barracks x2  
  165  9:28  Marine x2, Barracks  
  166  9:33  Marine x2  
  166  9:35  Marine  
  166  9:36  Marine  
  170  9:39  Missile Turret, SCV  
  170  9:45  Marauder, Planetary Fortress  
  173  9:46  SCV x2  
  173  9:51  Marine x2  
  177  9:58  Widow Mine  
  179  10:05  Liberator x2  
  179  10:06  Marauder  
  186  10:07  Siege Tank  
  186  10:08  Widow Mine, Marine x2  
  186  10:12  SCV  
  194  10:20  Widow Mine  
  194  10:21  Barracks Tech Lab x3  
  196  10:23  Marine  
  196  10:31  Command Center  
  196  10:32  Supply Depot  
  196  10:37  Factory  
  196  10:42  Terran Infantry Weapons Level 3, Terran Infantry Armor Level 3  
  196  10:47  Marine x3  
  196  10:48  Marauder  
  175  10:57  Marine  
  175  10:58  Marauder, Siege Tank, Marine  
  175  10:59  Widow Mine  
  175  11:00  Medivac  
  175  11:01  Marine x2  
  175  11:02  Marauder x2, Marine  
  179  11:08  SCV  
  179  11:10  Marauder, Command Center, Marine x2  
  184  11:12  Widow Mine  
  178  11:19  Liberator  
  178  11:20  Marauder, Marine x2  
  170  11:28  Factory Tech Lab  
  170  11:31  Marauder, Refinery x2  
  170  11:32  Widow Mine, Siege Tank  
  175  11:33  Marine x3  
  175  11:34  Marauder  
  175  11:37  SCV  
  175  11:38  SCV  
  182  11:43  Marauder x2, Widow Mine, Marine x2  
  182  11:46  Liberator  
  190  11:52  Marauder  
  187  11:59  Widow Mine, Siege Tank, Marine  
  187  12:00  Marauder, Marine  
  196  12:02  Supply Depot, SCV  
  196  12:04  Marauder  
  197  12:18  Command Center  
  197  12:25  Siege Tank  
  197  12:26  Marine  
  197  12:28  Marine  
  197  12:29  Marauder  
  200  12:38  Orbital Command  
  200  12:46  Siege Tank, Orbital Command  
  200  12:47  Marine  
  200  12:48  Marauder  
  200  13:01  Missile Turret  
  200  13:16  Siege Tank  
  200  13:17  Widow Mine  
  195  13:20  Marauder, Widow Mine, Siege Tank, Marine x2  
  195  13:24  Marine  
  195  13:25  Marauder  
  198  13:37  Marine  
  198  13:38  Marauder  
  180  13:50  Marauder x2  
  180  13:51  Marauder  
  180  13:53  Widow Mine, Siege Tank, Marine  
  192  13:56  SCV  
  192  13:59  Marauder  
  192  14:01  SCV  
  196  14:12  Marauder  
  196  14:14  Siege Tank  
  198  14:31  Ghost Academy, Planetary Fortress  
  198  14:32  Marine  
  198  14:37  SCV  
  196  14:40  Marine x2  
  196  14:41  Marauder  
  196  14:42  Missile Turret  
  196  14:43  Neosteel Armor  
  196  14:44  Hi-Sec Auto Tracking  
  196  14:45  Missile Turret  
  200  14:50  Marine  
  195  14:58  Marine  
  195  14:59  Marauder, Widow Mine, Siege Tank, Marine  
  186  15:00  Marauder x2, Marine  
  186  15:02  Liberator x2, Ghost  
  186  15:04  Marine x2  
  186  15:06  SCV, Marine  
  173  15:08  Marine  
  173  15:11  Missile Turret  
  173  15:12  Siege Tank  
  173  15:13  Widow Mine  
  179  15:15  Marine  
  179  15:17  Marine  
  179  15:19  Ghost  
  179  15:21  Marauder, Widow Mine  
  176  15:22  Marauder  
  176  15:27  Marine x2  
  182  15:31  Siege Tank  
  182  15:32  Marauder, SCV  
  182  15:33  Sensor Tower  
  182  15:34  Widow Mine  
  190  15:36  Marine x2  
  190  15:40  Missile Turret  
  190  15:41  SCV, Marine  
  194  15:43  Marauder x2  
  194  15:45  Missile Turret, Medivac  
  194  15:48  Siege Tank  
  194  15:49  Widow Mine  
  199  15:53  Marauder  
  199  15:55  Marine  
  199  15:56  Marauder, Marine  
  189  15:57  Marine  
  189  16:03  Siege Tank  
  186  16:04  Marauder x2  
  186  16:06  Marine  
  186  16:10  Marine  
  178  16:11  Widow Mine  
  175  16:19  Marine  
Show
View Real Time Build Order
Export as new Build Order

Serral Zerg - Winner!

Build Orders: Hatch First, Lurkers 

Get SALT Encoding   

  12  0:00  Drone  
  13  0:12  Overlord  
  13  0:16  Drone  
  14  0:30  Drone x2  
  16  0:47  Hatchery  
  15  0:50  Drone  
  15  0:54  Drone  
  17  0:58  Drone  
  18  1:08  Extractor  
  17  1:13  Spawning Pool  
  17  1:16  Drone  
  17  1:19  Drone  
  18  1:28  Drone  
  19  1:38  Drone  
  20  1:49  Drone  
  21  1:59  Queen  
  21  2:00  Queen  
  21  2:01  Zergling x4  
  27  2:10  Drone  
  27  2:11  Overlord  
  28  2:22  Hatchery  
  27  2:27  Drone  
  28  2:32  Drone  
  28  2:33  Drone  
  30  2:38  Spore Crawler  
  30  2:40  Drone  
  30  2:42  Metabolic Boost  
  31  2:49  Queen  
  33  2:53  Overlord  
  33  2:57  Drone  
  34  2:59  Drone  
  34  3:01  Drone  
  36  3:06  Pneumatized Carapace  
  36  3:12  Drone x3  
  39  3:15  Drone  
  39  3:18  Overlord  
  40  3:21  Drone  
  40  3:23  Drone  
  42  3:29  Queen  
  44  3:34  Queen  
  44  3:40  Drone  
  47  3:42  Drone x3  
  47  3:47  Overlord  
  50  3:49  Zergling x4  
  50  3:51  Drone  
  53  3:56  Drone x3  
  53  4:01  Overlord  
  53  4:02  Zergling x2  
  57  4:03  Drone  
  57  4:07  Queen  
  60  4:10  Drone x2  
  60  4:11  Drone  
  63  4:17  Zergling x4  
  63  4:19  Drone  
  63  4:22  Overlord  
  66  4:28  Queen, Evolution Chamber x2  
  66  4:29  Drone, Extractor  
  66  4:38  Overlord  
  66  4:41  Zergling x2  
  66  4:42  Drone, Zergling x2  
  66  4:43  Drone x5  
  74  4:48  Overlord  
  74  4:52  Overlord  
  74  4:58  Zerg Ground Armor Level 1, Zerg Melee Weapons Level 1  
  74  4:59  Drone x4  
  78  5:00  Drone  
  78  5:03  Overlord  
  79  5:10  Hatchery  
  79  5:11  Drone  
  79  5:12  Drone  
  79  5:14  Drone x2  
  81  5:16  Drone  
  81  5:20  Baneling Nest  
  81  5:21  Drone x2, Extractor  
  84  5:22  Extractor  
  84  5:24  Drone x2  
  84  5:25  Drone  
  84  5:28  Lair  
  85  5:34  Queen  
  85  5:35  Overlord  
  87  5:38  Overlord  
  87  5:39  Zergling x2  
  87  5:40  Zergling x6  
  87  5:42  Zergling x4  
  93  5:53  Zergling x8  
  93  5:56  Drone x2  
  100  5:57  Drone  
  100  5:58  Drone  
  100  6:02  Overlord  
  100  6:04  Hatchery, Zergling x2  
  100  6:07  Zergling x6  
  104  6:12  Zergling x6  
  103  6:27  Zergling x18  
  103  6:31  Centrifugal Hooks  
  103  6:32  Queen  
  109  6:36  Overseer  
  109  6:38  Drone x6  
  115  6:41  Baneling x5  
  115  6:42  Baneling x3  
  115  6:43  Overseer  
  115  6:47  Zergling x6  
  116  6:49  Baneling x6  
  116  6:50  Baneling  
  116  6:53  Zergling x6  
  119  6:59  Zergling x4  
  116  7:04  Drone, Spore Crawler  
  116  7:05  Drone x7  
  116  7:07  Spore Crawler, Zerg Melee Weapons Level 2  
  122  7:09  Zerg Ground Armor Level 2  
  122  7:11  Overlord  
  122  7:13  Zergling x4  
  124  7:18  Burrow  
  121  7:24  Zergling x10  
  121  7:28  Zergling x6  
  122  7:34  Queen  
  123  7:38  Zergling x24  
  123  7:42  Baneling x7  
  123  7:43  Baneling  
  128  7:44  Zergling x2  
  128  7:47  Zergling x4  
  129  7:53  Drone, Extractor  
  129  7:54  Infestation Pit, Extractor  
  126  8:01  Hatchery  
  126  8:02  Drone x5  
  126  8:03  Drone x2  
  132  8:07  Baneling x2, Zergling x14  
  132  8:11  Overseer  
  139  8:13  Baneling  
  139  8:14  Baneling x4  
  139  8:16  Drone, Hydralisk Den  
  139  8:17  Drone, Extractor  
  139  8:18  Drone, Extractor  
  139  8:19  Drone x3  
  142  8:20  Overlord x5  
  140  8:29  Overlord  
  140  8:31  Hive  
  140  8:35  Spore Crawler, Overlord  
  140  8:39  Zergling x24  
  150  8:43  Zergling x10  
  155  8:48  Zergling x4  
  155  8:54  Zergling x2  
  155  8:55  Zergling x6, Lurker Den  
  160  9:00  Baneling x6  
  160  9:01  Baneling x2  
  158  9:07  Zergling x12  
  158  9:09  Baneling x2  
  164  9:10  Drone x5, Overlord  
  164  9:15  Zergling x16  
  165  9:19  Extractor  
  165  9:23  Extractor  
  161  9:28  Hydralisk x4  
  161  9:30  Hydralisk  
  161  9:31  Zergling x16  
  176  9:34  Drone x3  
  176  9:35  Drone x2  
  176  9:36  Drone  
  182  9:41  Spore Crawler  
  180  9:46  Zerg Missile Weapons Level 1, Muscular Augments  
  180  9:47  Zerg Ground Armor Level 3  
  180  9:52  Viper x2  
  186  9:57  Zergling x2  
  186  9:58  Zergling x10  
  189  10:01  Baneling x9  
  189  10:08  Seismic Spines  
  189  10:09  Zergling x12  
  195  10:18  Zergling x12  
  198  10:25  Baneling x12  
  198  10:26  Baneling, Lurker  
  199  10:33  Hatchery  
  199  10:35  Lurker x2  
  192  10:50  Hydralisk x4  
  185  10:57  Grooved Spines  
  171  11:06  Zergling x6  
  171  11:07  Zergling x30  
  171  11:10  Baneling x3  
  189  11:17  Hydralisk x6  
  184  11:18  Zergling x24  
  189  11:29  Zergling x22  
  199  11:33  Overseer  
  199  11:34  Baneling x2  
  196  11:44  Zerg Missile Weapons Level 2  
  191  11:48  Zergling x12  
  191  11:50  Zergling x28  
  191  11:52  Overseer x2  
  196  11:55  Lurker x3  
  199  12:03  Baneling x5  
  197  12:10  Adaptive Talons  
  197  12:14  Nydus Network  
  191  12:24  Zerg Melee Weapons Level 3  
  191  12:25  Viper x2  
  191  12:29  Baneling x2  
  197  12:40  Spire  
  197  12:41  Zergling x2  
  197  12:42  Zergling x6  
  196  13:02  Baneling x9  
  196  13:03  Baneling  
  196  13:04  Lurker  
  196  13:05  Baneling, Zergling x4  
  199  13:09  Baneling x5  
  199  13:10  Baneling  
  198  13:25  Hydralisk x4  
  198  13:36  Zergling x14  
  199  13:46  Zergling x24  
  197  13:51  Hydralisk  
  197  13:52  Zergling x4  
  200  13:59  Spore Crawler  
  199  14:05  Lurker  
  199  14:06  Baneling  
  199  14:07  Overseer x2, Baneling x11, Hatchery  
  195  14:12  Nydus Canal  
  191  14:28  Zergling x22  
  191  14:31  Nydus Canal  
  200  14:50  Nydus Canal  
  200  14:51  Hatchery  
  200  14:52  Zergling x16  
  199  14:57  Overseer  
  195  15:03  Zergling x8, Greater Spire  
  195  15:04  Zergling x22  
  200  15:11  Nydus Canal  
  200  15:20  Baneling x12  
  185  15:21  Drone x3  
  185  15:24  Lurker x8  
  185  15:25  Baneling  
  185  15:26  Baneling  
  196  15:28  Hydralisk x2, Nydus Canal  
  195  15:43  Nydus Canal  
  187  15:53  Zergling x32  
  195  15:57  Zergling x8  
  196  16:09  Zergling x20  
  196  16:10  Zergling x12  
  196  16:20  Zergling x8  
  196  16:21  Nydus Canal  
  196  16:22  Overseer x3  
  196  16:23  Overseer  

Tags
 
Add a new tag
Caveats
  • Supply blocks, unpowered buildings, or Contaminate may cause inaccurate times.
  • Supply counts are checked every 10 seconds.